 Dungeon Crawl Stone Soup version 0.29.0-11-gd7f09526c8 (webtiles) character file.

Game seed: 5043870926984980057

270 sasquatch the Slasher (level 6, -4/51 HPs)
             Began as a Minotaur Fighter on Sept 4, 2022.
             Slain by Natasha (7 damage)
             ... on level 3 of the Dungeon.
             The game lasted 00:02:19 (2399 turns).

sasquatch the Slasher (Minotaur Fighter)            Turns: 2399, Time: 00:02:19

Health: -4/51      AC:  9    Str: 23    XL:     6   Next: 1%
Magic:  5/5        EV:  6    Int:  5    God:
Gold:   131        SH:  4    Dex:  9    Spells: 5/5 levels left

rFire   . . .      SeeInvis .   a - +0 long sword
rCold   . . .      Faith    .   c - +0 buckler
rNeg    . . .      Spirit   .   b - +0 scale mail
rPois   .          Reflect  .   (helmet restricted)
rElec   .          Harm     .   o - +0 cloak
rCorr   .          Rampage  .   i - +0 pair of gloves
Will    .....                   (no boots)
Stlth   ..........              (no amulet)
HPRegen 0.17/turn               (no ring)
MPRegen 0.09/turn               (no ring)

@: grasped by roots, constricted
A: horns 2, retaliatory headbutt
a: no special abilities


You were on level 3 of the Dungeon.
You visited 1 branch of the dungeon, and saw 3 of its levels.

You collected 131 gold pieces.

Inventory:

Hand Weapons
 a - a +0 long sword (weapon)
Armour
 b - a +0 scale mail (worn)
 c - a +0 buckler (worn)
 i - a +0 pair of gloves (worn)
 o - a +0 cloak (worn)
Jewellery
 p - an amulet of the acrobat
Scrolls
 e - a scroll of torment {unknown}
 f - a scroll of fear {unknown}
 g - a scroll of blinking {unknown}
 h - a scroll of immolation {unknown}
 j - a scroll of noise {unknown}
 k - 2 scrolls of identify {unknown}
 m - a scroll of magic mapping {unknown}
Potions
 d - a potion of might
 l - a potion of flight {unknown}
 n - a potion of attraction {unknown}
 q - a potion of degeneration {unknown}
 r - a potion of brilliance {unknown}


   Skills:
 - Level 3.6 Fighting
 * Level 7.7 Long Blades
 - Level 3.6 Armour
 - Level 3.6 Shields


You had 5 spell levels left.
You didn't know any spells.
Your spell library contained the following spells:

 Spells                   Type           Power      Damage    Failure   Level
 Stone Arrow              Conj/Erth      0%         3d7       99%         3
 Animate Armour           Summ/Erth      0%         N/A       100%        4
 Lehudib's Crystal Spear  Conj/Erth      0%         10d2      100%        8


Dungeon Overview and Level Annotations

Branches:
Dungeon (3/15)

Altars:

Annotations:
D:3 Natasha


Innate Abilities, Weirdness & Mutations

You have a pair of horns on your head.
You reflexively headbutt those who attack you in melee.


Message History

The grasping roots grab you! The grasping roots constrict you.
You escape the roots grasp.
You barely miss Natasha.
Natasha howls an incantation.
Natasha glows brightly for a moment.
You block Natasha's attack.
You hit Natasha.
Natasha is moderately wounded.
Natasha claws you!
You barely miss Natasha.
Natasha is moderately wounded.
Natasha zaps a wand.
The roots erupt in riotous growth!
The grasping roots grab you!
Natasha is unaffected.
The grasping roots constrict you.
You miss Natasha.
Natasha is moderately wounded.
Natasha claws you but does no damage. The grasping roots constrict you.
You closely miss Natasha. Your headbutt misses Natasha.
Natasha is moderately wounded.
Natasha barely misses you. The grasping roots constrict you.
* * * LOW HITPOINT WARNING * * *
Unknown command.
You hit Natasha.
Natasha is severely wounded.
Natasha claws you.
* * * LOW HITPOINT WARNING * * *
The grasping roots constrict you.
* * * LOW HITPOINT WARNING * * *
The grasping roots release their grip on you.
You completely miss Natasha.
Natasha is severely wounded.
Natasha zaps a wand.
The roots erupt in riotous growth!
The grasping roots grab you!
Natasha is unaffected.
The grasping roots constrict you.
* * * LOW HITPOINT WARNING * * *
You closely miss Natasha.
Natasha is severely wounded.
Natasha claws you!
You die...

....#####.#
....#.....#### #####
)...#.##.....###...###.#
##..#.##.......'...'....
#............##...##..#
##............+....#
#......h....##...##
#...##.##...##h#.#
#.###...#...##@#.# #.#
#.P.#...##.#.# #.#
#...#...##.#.# ... #.#
#.. ##.# .# .# ##


You could see Natasha.

Vanquished Creatures
  Sigmund (D:2)
  Natasha (twice) (D:3)
  3 adders (D:2)
  A worm (D:2)
  2 dart slugs
  2 bats
  2 endoplasms
  A giant cockroach (D:1)
  3 goblins
  5 hobgoblins
  3 quokkas
  5 ball pythons
  2 frilled lizards (D:1)
  7 kobolds
  5 rats
44 creatures vanquished.

Notes
Turn   | Place    | Note
-------+----------+-------------------------------------------
     0 | D:1      | sasquatch the Minotaur Fighter began the quest for the Orb.
     0 | D:1      | Reached XP level 1. HP: 19/19 MP: 0/0
   203 | D:1      | Reached skill level 3 in Long Blades
   258 | D:1      | Reached XP level 2. HP: 26/26 MP: 1/1
  1006 | D:1      | Reached skill level 4 in Long Blades
  1222 | D:2      | Reached XP level 3. HP: 20/31 MP: 2/2
  1230 | D:2      | Noticed Sigmund
  1623 | D:2      | Killed Sigmund
  1624 | D:2      | Reached skill level 7 in Long Blades
  1624 | D:2      | Reached XP level 4. HP: 39/39 MP: 3/3
  1624 | D:2      | Reached XP level 5. HP: 45/45 MP: 4/4
  2351 | D:3      | Noticed Natasha
  2356 | D:3      | Killed Natasha
  2364 | D:3      | Noticed Natasha
  2370 | D:3      | Killed Natasha
  2371 | D:3      | Reached XP level 6. HP: 33/51 MP: 5/5
  2378 | D:3      | Noticed Natasha
  2399 | D:3      | Slain by Natasha

Illustrated notes

Levels and vault maps discovered:
D:1:      minmay_arrival_wavy_path, layout_basic
D:2:      layout_basic, uniq_sigmund
D:3:      layout_basic, trog_hazing_becter, elyvilon_altar_1,
          gammafunk_ghost_icy, uniq_natasha, uniq_jessica

Skill      XL: |  1  2  3 |
---------------+----------+-----
Long Blades    | 3 4 7 |  7.7
Fighting       | |  3.6
Armour         | |  3.6
Shields        | |  3.6

Action                   |  1- 3 |  4- 6 || total
-------------------------+-------+-------++-------
Melee: Long sword        |    72 |    48 ||   120
       Headbutt          |     8 |     2 ||    10
Armor: Scale mail        |    46 |    14 ||    60
Dodge: Dodged            |    43 |    19 ||    62
Block: Buckler           |    20 |    11 ||    31
